 Dungeon Crawl Stone Soup version 0.26-a0-597-gb535b09 (webtiles) character file.

Game seed: 1450411642316629171

344540 QinusAxia the Unseen (level 22, -1/141 HPs)
             Began as a Gargoyle Fighter on Aug 26, 2020.
             Was the Champion of Dithmenos.
             Splashed by an acid blob's acid (3 damage)
             ... on level 3 of the Pits of Slime.
             The game lasted 04:34:39 (48934 turns).

QinusAxia the Unseen (Gargoyle Fighter)            Turns: 48934, Time: 04:34:41

Health: -1/141     AC:  5    Str: 30    XL:     22   Next: 8%
Magic:  0/37       EV: 19    Int:  8    God:    Dithmenos [******]
Gold:   2072       SH: 18    Dex: 16    Spells: 19/34 levels left

rFire    + + .     SeeInvis +   C - +8 short sword (venom)
rCold    + + +     Faith    .   F - +2 shield of Resistance {rF++ rC++ MR++}
rNeg     + . .     Spirit   +   K - +4 moon troll leather armour {Spirit, Regen++ MP+5}
rPois    ∞         Reflect  .   (no helmet)
rElec    +         Harm     .   Y - +2 cloak
rCorr    +                      G - +2 pair of gloves
MR       +++++                  k - +2 pair of boots
Stlth    ++++++++++             T - amulet of regeneration
HPRegen  1.53/turn              h - ring of Crawling {rC+ MR++ Str+8 SInv}
MPRegen  0.25/turn              S - ring of resist corrosion

@: corroded, flying, wreathed by umbra, studying Armour
A: big wings, blurry vision 1, deformed body, dopey 1, negative energy
resistance 1, electricity resistance, unbreathing, petrification resistance, rot
immunity, MP-powered wands, AC +16
}: 2/15 runes: decaying, gossamer
a: Stop Flying, Shadow Step, Shadow Form, Renounce Religion


You were on level 3 of the Pits of Slime.
You worshipped Dithmenos.
Dithmenos was exalted by your worship.
You visited 7 branches of the dungeon, and saw 39 of its levels.
You visited 1 bazaar.
You also visited: Sewer, Ossuary, Bailey and Ice Cave.

You collected 7190 gold pieces.
You spent 5118 gold pieces at shops.

Inventory:

Hand Weapons
 C - a +8 short sword of venom (weapon)
 N - a +2 vampiric short sword
 O - a +6 short sword of distortion
 P - a +2 rapier of speed
 W - a +0 spectral lajatang
 X - a +2 quick blade of venom
 Z - the +11 plutonium sword {*Contam Stlth-}
   (You took it off a deep elf elementalist on level 3 of the Elven Halls)

   It causes magical contamination when unequipped.
   It makes you less stealthy.
Missiles
 l - 6 boomerangs of dispersal
 q - 6 atropa-tipped darts
 u - 67 poisoned darts
 I - 5 datura-tipped darts
 M - 10 curare-tipped darts (quivered)
Armour
 k - a +2 pair of boots (worn)
 F - the +2 shield of Resistance (worn) {rF++ rC++ MR++}
   (You found it on level 3 of the Elven Halls)

   It greatly protects you from fire.
   It greatly protects you from cold.
   It affects your resistance to hostile enchantments.
 G - a +2 pair of gloves (worn)
 K - the +4 moon troll leather armour (worn) {Spirit, Regen++ MP+5}
   (You bought it in a shop on level 2 of the Orcish Mines)

   It affects your magic capacity (+5).
   It increases your rate of regeneration.
 L - a scarf of resistance
 Q - the +13 chain mail of the Solstice {rPois Regen+ Str-2 Int+2}
   (You bought it in a shop in a bazaar)

   It affects your strength (-2).
   It affects your intelligence (+2).
   It protects you from poison.
   It increases your rate of regeneration.
 U - the +3 leather armour of the Two of Swords {Str+7 Stlth+}
   (You bought it in a shop on level 2 of the Orcish Mines)

   It affects your strength (+7).
   It makes you more stealthy.
 Y - a +2 cloak (worn)
Jewellery
 e - a +4 ring of evasion
 h - the ring of Crawling (left hand) {rC+ MR++ Str+8 SInv}
   (You found it in an ice cave)

   [ring of protection from cold]

   It affects your strength (+8).
   It protects you from cold.
   It affects your resistance to hostile enchantments.
   It lets you see invisible.
 x - a ring of the Octopus King {MP+9 AC+1 EV+1 Str+1 Int+1 Dex+1}
   (You bought it in a shop on level 2 of the Orcish Mines)

   [ring of magical power]

   It affects your AC (+1).
   It affects your evasion (+1).
   It affects your strength (+1).
   It affects your intelligence (+1).
   It affects your dexterity (+1).
   It affects your magic capacity (+9).
 J - an uncursed amulet of reflection
 S - a ring of resist corrosion (right hand)
 T - an amulet of regeneration (around neck)
Wands
 g - a wand of disintegration (74)
 j - a wand of flame (41)
 o - a wand of polymorph (39)
 s - a wand of enslavement (10)
 v - a wand of paralysis (25)
 y - a wand of iceblast (21)
 A - a wand of acid (12)
 E - a wand of random effects (53)
 V - a wand of digging (11)
Scrolls
 a - 2 scrolls of enchant armour
 b - 18 scrolls of remove curse
 c - a scroll of fear
 r - 18 scrolls of identify
 B - 4 scrolls of teleportation
 D - 5 scrolls of magic mapping
Potions
 d - 6 potions of might
 f - 7 potions of curing
 i - 9 potions of ambrosia
 m - 4 potions of stabbing
 p - 2 potions of resistance
 t - 3 potions of cancellation
 z - a potion of berserk rage
 R - 2 potions of haste
Books
 H - a manual of Armour
Miscellaneous
 n - a box of beasts (3/3)
 w - a phial of floods


   Skills:
 + Level 15.9 Fighting
 + Level 12.9 Short Blades
 - Level 6.0 Throwing
 * Level 17.1 Armour
 + Level 10.1 Dodging
 + Level 18.5 Stealth
 + Level 17.9 Shields
 * Level 6.7 Spellcasting
 * Level 8.2 Summonings
 * Level 10.5 Earth Magic
 - Level 0.2 Invocations
 + Level 2.1 Evocations


You had 19 spell levels left.
You knew the following spells:

 Your Spells              Type           Power        Failure   Level
a - Petrify               Tmut/Erth      ##......     26%         4
b - Lee's Rapid Deconstr  Erth           ###.......   9%          5
c - Shadow Creatures      Summ           N/A          77%         6

Your spell library contained the following spells:

 Spells                   Type           Power        Failure   Level
 Sandblast                Erth           ###...       1%          1
 Call Imp                 Summ           ###.....     1%          2
 Passwall                 Tmut/Erth      ##......     4%          2
 Stone Arrow              Conj/Erth      ##....       9%          3
 Summon Guardian Golem    Hex/Summ       #.......     13%         3
 Animate Skeleton         Necr           #.....       24%         1
 Corona                   Hex            #......      24%         1
 Foxfire                  Conj/Fire      #...         24%         1
 Magic Dart               Conj           #...         24%         1
 Shock                    Conj/Air       #...         24%         1
 Sting                    Tmut/Pois      #...         24%         1
 Leda's Liquefaction      Hex/Erth       ##........   26%         4
 Blink                    Tloc           N/A          34%         2
 Corpse Rot               Necr/Air       N/A          34%         2
 Ensorcelled Hibernation  Hex/Ice        #.....       34%         2
 Poisonous Vapours        Pois/Air       #.....       34%         2
 Slow                     Hex            #.......     34%         2
 Confusing Touch          Hex            #.......     56%         3
 Conjure Flame            Conj/Fire      #.......     56%         3
 Dazzling Flash           Conj/Hex       #.....       56%         3
 Gell's Gravitas          Tloc           #.........   56%         3
 Ignite Poison            Fire/Tmut/Pois #.......     56%         3
 Inner Flame              Hex/Fire       #.......     56%         3
 Lesser Beckoning         Tloc           #.........   56%         3
 Mephitic Cloud           Conj/Pois/Air  #.......     56%         3
 Portal Projectile        Hex/Tloc       #.....       56%         3
 Static Discharge         Conj/Air       #.......     56%         3
 Teleport Other           Tloc           #.......     56%         3
 Tukima's Dance           Hex            #.......     56%         3
 Borgnjor's Vile Clutch   Necr/Erth      ##........   58%         5
 Summon Forest            Summ/Tloc      #.........   77%         5
 Bolt of Magma            Conj/Fire/Erth #.........   83%         5
 Animate Dead             Necr           #.........   93%         4
 Cause Fear               Hex            #.........   93%         4
 Dispel Undead            Necr           #.......     93%         4
 Ice Form                 Ice/Tmut       #.......     93%         4
 Olgreb's Toxic Radiance  Pois           #.......     93%         4
 Passage of Golubria      Tloc           N/A          93%         4
 Iron Shot                Conj/Erth      ##........   99%         6
 Iskenderun's Battlesphe  Conj           #.......     100%        5
 Metabolic Englaciation   Hex/Ice        #.........   100%        5
 Silence                  Hex/Air        #.........   100%        5
 Yara's Violent Unravell  Hex/Tmut       #.........   100%        5
 Death Channel            Necr           #.........   100%        6
 Eringya's Noxious Bog    Tmut/Pois      #.........   100%        6
 Freezing Cloud           Conj/Ice/Air   #.........   100%        6
 Hydra Form               Tmut           #.........   100%        6
 Invisibility             Hex            #.......     100%        6
 Ozocubu's Refrigeration  Ice            #.........   100%        6
 Simulacrum               Ice/Necr       #.........   100%        6
 Starburst                Conj/Fire      #.........   100%        6
 Dragon Form              Tmut           #.........   100%        7
 Orb of Destruction       Conj           #.........   100%        7
 Spellforged Servitor     Conj/Summ      #.........   100%        7
 Summon Hydra             Summ           ###.......   100%        7
 Discord                  Hex            #.........   100%        8
 Ignition                 Fire           #.........   100%        8
 Dragon's Call            Summ           ###.......   100%        9
 Shatter                  Erth           ###.......   100%        9
 Statue Form              Tmut/Erth      Unusable     N/A         6

Dungeon Overview and Level Annotations

Branches:
Dungeon (15/15)            Temple (0/1) D:5            Lair (6/6) D:9
  Swamp (4/4) Lair:2       Spider (4/4) Lair:4        Slime (5/5) Lair:6
    Orc (2/2) D:10            Elf (3/3) Orc:2        Vaults (0/5) D:13
 Depths (0/5) D:15          Sewer (visited)         Ossuary (visited)
 Bailey (visited)           IceCv (visited)

Altars:
Ashenzari
Dithmenos
Fedhas
Gozag
Ru
Sif Muna
Uskayaw
Xom
Yredelemnul
Zin
Jiyva

Shops:
D:5 }   D:6 }   D:8 ((}   D:12 }   Orc:2 *[=(   Elf:2 :   Elf:3 *

Annotations:
D:12 2 transporters, Sugoufis's ghost, journeyman OpIE
Slime:5 Royal Jelly


Innate Abilities, Weirdness & Mutations

You are resistant to torment.
Your stone body is resilient. (AC +16)
You are immune to poison.
Your large and strong wings let you fly indefinitely.
You resist negative energy. (rN+)
You are resistant to electric shocks. (rElec)
You can survive without breathing.
You are immune to petrification.
You are immune to rotting.
Scrolls take you a little longer to read.
Armour fits poorly on your strangely shaped body.
You are dopey. (Int -2)
You expend magic power (3 MP) to strengthen your wands.


Message History

Your shadow is burned by acid!
Unknown command.
You hit the acid blob but do no damage.
Your hands burn!
The acid blob is heavily wounded.
Your shadow hits the acid blob but does no damage.
Your shadow is burned by acid!
The acid blob hits you!!
* * * LOW HITPOINT WARNING * * *
You emit a cloud of dark smoke.
You are splashed with acid.
You resist.
* * * LOW HITPOINT WARNING * * *
You hit the acid blob but do no damage.
Your hands burn!
* * * LOW HITPOINT WARNING * * *
The acid blob is heavily wounded.
You hit the acid blob but do no damage.
Your hands burn!
* * * LOW HITPOINT WARNING * * *
The acid blob is heavily wounded.
The acid blob hits you!!!
* * * LOW HITPOINT WARNING * * *
You emit a cloud of dark smoke.
You are splashed with acid.
You resist.
You die...

##.####............#
##....#.#.......##.###
#...............#.#..##
#........#............###
##...................##.##
##......................#
##....#..§§§......<.....##
##.......§§J§§......<...##
##........§§@§§..........#
#.....##..§§§§§..#......##
##..######.§§#....#...###
#######.##....<...####
#..............#
....##........## # #
#.....#....# ##...###..##
#...# ####


You could see an acid blob (extremely poisoned).

Vanquished Creatures
  Nikola (Elf:2)
  Arachne (Spider:3)
  3 deep elf blademasters (Elf:3)
  8 acid blobs
  A deep elf master archer (Elf:3)
  A thorn hunter (Swamp:3)
  Agnes (Elf:2)
  2 tengu reavers (D:14)
  A storm dragon (D:14)
  Roxanne (D:15)
  Donald (Swamp:2)
  13 deep elf sorcerers
  3 azure jellies
  A fire giant (D:15)
  6 emperor scorpions (Spider:4)
  2 frost giants
  3 orc warlords
  A ghost moth (Spider:4)
  An ironheart preserver (D:13)
  4 deep elf elementalists
  3 entropy weavers
  A very ugly thing (Swamp:2)
  4 deep elf demonologists (Elf:3)
  7 deep elf annihilators
  Azrael (D:12)
  A dire elephant (D:15)
  Snorg (D:11)
  3 ettins
  A death ooze (Slime:2)
  4 deep elf death magi
  Fannar (Lair:3)
  6 deep elf high priests
  3 great orbs of eyes
  2 ogre magi (D:14)
  34 hydras
  A rakshasa (D:9)
  A shambling mangrove (Swamp:1)
  A catoblepas (Lair:3)
  2 centaur warriors
  15 alligators
  23 dancing weapons
  15 two-headed ogres
  A death yak (IceCv)
  6 orc high priests
  Sonja (D:10)
  20 deep elf knights
  A skeletal warrior (D:13)
  A fire crab (Lair:6)
  2 spriggan druids (Swamp:4)
  2 unseen horrors (D:14)
  8 swamp dragons
  A glowing orange brain (shapeshifter) (D:14)
  14 deep elf archers
  2 phantasmal warriors (D:14)
  8 orc knights
  4 lindwurms (Lair:6)
  12 orb spiders
  17 wolf spiders
  6 orc sorcerers
  52 deep elf magi
  A faun (shapeshifter) (D:14)
  4 manticores
  14 ugly things
  2 shining eyes
  An oklob plant (Lair:2)
  4 cyclopes
  8 elephants
  2 black mambas
  3 molten gargoyles (Elf:1)
  An ice statue (IceCv)
  35 cane toads
  An eye of devastation (Slime:4)
  A gargoyle (D:14)
  A torpor snail (Spider:4)
  Maggie (Lair:1)
  5 rime drakes
  An efreet (D:14)
  5 demonic crawlers
  A small abomination (Elf:3)
  4 komodo dragons
  2 freezing wraiths
  6 trolls
  22 jumping spiders
  16 polar bears (IceCv)
  13 hornets
  10 tyrant leeches
  11 bog bodies
  39 blink frogs
  A meliai zombie (D:13)
  60 slime creatures
  9 hippogriffs
  3 air elementals
  10 spriggans
  91 redbacks
  A wraith (D:13)
  Eustachio (D:9)
  27 tarantellas
  6 shadows
  A hog (shapeshifter) (D:14)
  58 yaks
  3 wyverns
  A golden eye (shapeshifter) (D:13)
  4 basilisks
  A steam dragon (D:11)
  31 vampire mosquitoes
  8 fire elementals
  21 swamp worms
  5 insubstantial wisps (Swamp:4)
  2 acid dragons
  A warg (Orc:2)
  Edmund (D:4)
  4 hell hounds (D:12)
  A soldier ant (D:13)
  14 water moccasins
  Duvessa (D:7)
  12 porcupines
  20 swamp drakes
  44 orc warriors
  2 phantoms
  2 black bears
  2 hornet zombies
  6 ice beasts
  3 sky beasts
  A necrophage (D:6)
  15 ogres
  27 wolves
  An eye of draining (Slime:2)
  11 centaurs
  16 crocodiles
  3 big kobolds
  An earth elemental (D:11)
  36 bullfrogs
  A gnoll sergeant (D:8)
  Dowan (D:7)
  8 scorpions
  20 wights
  5 electric eels
  2 howler monkeys
  3 bullfrog zombies
  2 centaur zombies
  A hound (shapeshifter) (Elf:2)
  6 jellies
  28 orc priests
  2 bullfrog skeletons
  10 centaur skeletons
  5 hounds
  Ijyb (D:3)
  4 iguanas
  32 orc wizards
  2 hell rats (Lair:5)
  7 worker ants
  A big kobold zombie (Ossuary)
  2 hound zombies (D:5)
  2 mummies (Ossuary)
  2 hound skeletons
  A worker ant zombie (D:5)
  17 gnolls
  23 adders
  6 river rats (Lair:5)
  5 shadow imps
  2 white imps (D:5)
  2 ufetubi
  7 adder zombies (Ossuary)
  4 oozes
  5 worms
  2 adder skeletons (D:4)
  5 dart slugs
  6 leopard geckos
  94 orcs
  7 giant cockroaches
  25 goblins
  12 hobgoblins
  15 jackals
  33 kobolds
  A quokka (D:2)
  3 ball pythons
  11 bats
  4 frilled lizards
  5 hobgoblin zombies (Ossuary)
  A jackal skeleton (D:9)
  A jackal zombie (D:3)
  6 kobold zombies (Ossuary)
  3 orc zombies (Ossuary)
  14 rats
  A briar patch (Swamp:3)
  3 crawling corpses (Elf:3)
1596 creatures vanquished.

Vanquished Creatures (collateral kills)
  A gnoll (D:8)
1 creature vanquished.

Vanquished Creatures (others)
  A two-headed ogre (D:14)
  2 deep elf knights
  A spriggan druid (Swamp:4)
  A molten gargoyle (Elf:1)
  A water elemental (D:11)
  A swamp drake (Swamp:3)
  An orc warrior (Orc:2)
  3 orc priests
  2 worker ants (D:14)
  2 orcs
  3 bushes (D:9)
  37 fungi
  116 plants
171 creatures vanquished.

Grand Total: 1768 creatures vanquished

Notes
Turn   | Place    | Note
-------+----------+-------------------------------------------
     0 | D:1      | QinusAxia the Gargoyle Fighter began the quest for the Orb.
     0 | D:1      | Reached XP level 1. HP: 14/14 MP: 1/1
    39 | D:1      | Reached XP level 2. HP: 19/19 MP: 2/2
   159 | D:1      | Reached skill level 1 in Stealth
   205 | D:1      | Reached XP level 3. HP: 20/23 MP: 3/3
  1285 | D:1      | Reached skill level 2 in Stealth
  1431 | D:2      | Reached XP level 4. HP: 28/28 MP: 4/4
  1619 | D:2      | Found a glowing silver altar of Zin.
  1619 | D:2      | Found a hide-covered altar of Uskayaw.
  1619 | D:2      | Found a shimmering altar of Xom.
  1627 | D:2      | Found an opulent altar of Gozag.
  1917 | D:2      | Reached XP level 5. HP: 26/32 MP: 5/5
  2155 | D:3      | Found a glowing drain.
  2160 | Sewer    | Entered a sewer
  2299 | Sewer    | Noticed a big kobold
  2310 | Sewer    | Killed a big kobold
  2393 | Sewer    | Reached XP level 6. HP: 37/38 MP: 6/6
  2648 | D:3      | Noticed Ijyb
  2681 | D:3      | Killed Ijyb
  2681 | D:3      | Reached skill level 1 in Dodging
  2681 | D:3      | Reached skill level 3 in Stealth
  2983 | D:3      | Found a runed translucent door.
  2983 | D:3      | Noticed a human
  2985 | D:3      | Found a basalt altar of Yredelemnul.
  3051 | D:4      | Found a shadowy altar of Dithmenos.
  3136 | D:4      | Became a worshipper of Dithmenos the Shadowed
  3203 | D:4      | Found a blossoming altar of Fedhas.
  3280 | D:4      | Found a sacrificial altar of Ru.
  3524 | D:4      | Noticed Edmund
  3574 | D:4      | Killed Edmund
  3574 | D:4      | Reached skill level 5 in Shields
  3574 | D:4      | Reached XP level 7. HP: 29/43 MP: 7/7
  3779 | D:4      | Reached skill level 4 in Stealth
  3932 | D:5      | Entered Level 5 of the Dungeon
  4376 | D:5      | Reached * piety under Dithmenos
  4376 | D:5      | Reached XP level 8. HP: 45/48 MP: 8/8
  4399 | D:5      | Found a shattered altar of Ashenzari.
  4414 | D:5      | Found a staircase to the Ecumenical Temple.
  4833 | D:5      | Found Liwk's Gadget Shop.
  5027 | D:5      | Reached skill level 5 in Fighting
  5661 | D:6      | Reached skill level 5 in Short Blades
  5977 | D:6      | Reached skill level 5 in Armour
  6255 | D:6      | Reached ** piety under Dithmenos
  6460 | D:6      | Found Bufuin's Gadget Shop.
  6623 | D:6      | Reached XP level 9. HP: 55/55 MP: 9/9
  7072 | D:7      | Noticed Dowan
  7181 | D:7      | Found a sand-covered staircase.
  7245 | Ossuary  | Entered an ossuary
  7396 | Ossuary  | Reached *** piety under Dithmenos
  7567 | D:7      | Found a shimmering blue altar of Sif Muna.
  7833 | D:7      | Noticed Duvessa
  7852 | D:7      | Killed Duvessa
  7862 | D:7      | Killed Dowan
  8185 | D:8      | Reached skill level 5 in Stealth
  8457 | D:8      | Found Hebylon's Weapon Shop.
  8715 | D:8      | Found Tiasuc's Antique Weapon Shop.
  8956 | D:8      | Found Ysykk's Gadget Boutique.
  9091 | D:8      | Reached skill level 1 in Throwing
  9091 | D:8      | Reached XP level 10. HP: 53/63 MP: 10/10
  9348 | D:9      | Noticed Eustachio
  9361 | D:9      | Killed Eustachio
  9361 | D:9      | Reached skill level 6 in Stealth
  9407 | D:9      | Reached **** piety under Dithmenos
  9862 | D:9      | Noticed a red ugly thing
  9879 | D:9      | Killed a red ugly thing
  9880 | D:9      | Noticed a two-headed ogre
  9882 | D:9      | Noticed a rakshasa
  9885 | D:9      | Killed a two-headed ogre
  9885 | D:9      | Reached skill level 7 in Stealth
  9902 | D:9      | Killed a rakshasa
  9902 | D:9      | Reached XP level 11. HP: 36/68 MP: 11/11
 10240 | D:9      | Found a staircase to the Lair.
 10329 | D:9      | Reached skill level 8 in Stealth
 11023 | D:9      | Noticed a centaur warrior
 11040 | D:9      | Killed a centaur warrior
 11040 | D:9      | Reached skill level 10 in Shields
 11213 | D:10     | Entered Level 10 of the Dungeon
 11334 | D:10     | Noticed Sonja
 11464 | D:10     | Reached ***** piety under Dithmenos
 11481 | D:10     | Reached skill level 9 in Stealth
 11566 | D:10     | Killed Sonja
 11708 | D:10     | Reached XP level 12. HP: 75/75 MP: 12/12
 12044 | D:10     | Noticed a two-headed ogre
 12059 | D:10     | Killed a two-headed ogre
 12059 | D:10     | Reached skill level 1 in Evocations
 12180 | D:10     | Found a staircase to the Orcish Mines.
 12317 | D:10     | Found a shimmering blue altar of Sif Muna.
 12361 | D:10     | Identified Sif Muna's Catalogue of Transmutation
 12377 | D:11     | Noticed a two-headed ogre
 12393 | D:11     | Killed a two-headed ogre
 12399 | D:11     | Found a flagged portal.
 12409 | Bailey   | Entered a bailey
 12797 | Bailey   | Noticed an orc warlord
 12825 | Bailey   | Killed an orc warlord
 12827 | Bailey   | Reached skill level 10 in Stealth
 13061 | Bailey   | Identified the Almanac of Sinister Air
 13114 | D:11     | Found a flickering gateway to a bazaar.
 13134 | Bazaar   | Entered a bazaar
 13138 | Bazaar   | Found Onenuh's Jewellery Boutique.
 13157 | Bazaar   | Found Ympegim's Antique Armour Shoppe.
 13174 | Bazaar   | Found Isatan's Antique Armour Boutique.
 13191 | Bazaar   | Found Uthureoc's Antique Weapon Emporium.
 13239 | Bazaar   | Bought a twisted chain mail for 199 gold pieces
 13249 | Bazaar   | Identified the +13 chain mail of the Solstice {rPois Regen+
                  | Str-2 Int+2} (You bought it in a shop in a bazaar)
 13266 | Bazaar   | Bought an uncursed amulet of reflection for 300 gold pieces
 13266 | Bazaar   | Bought an uncursed amulet of regeneration for 300 gold
                  | pieces
 13414 | D:11     | Noticed a five-headed hydra
 13420 | D:11     | Killed a five-headed hydra
 13441 | D:11     | You fall into a shaft and drop 2 floors!
 13494 | D:13     | Reached skill level 10 in Short Blades
 13514 | D:12     | Noticed a five-headed hydra
 13636 | D:13     | Killed a five-headed hydra
 13675 | D:12     | Reached skill level 5 in Dodging
 13675 | D:12     | Reached XP level 13. HP: 62/80 MP: 13/13
 14080 | D:13     | You fall into a shaft and drop 2 floors!
 14080 | D:15     | Entered Level 15 of the Dungeon
 14150 | D:14     | Noticed an ogre mage
 14193 | D:14     | Found a frozen archway.
 14199 | IceCv    | Entered an ice cave
 14291 | IceCv    | Reached skill level 10 in Fighting
 14601 | IceCv    | Reached ****** piety under Dithmenos
 15135 | IceCv    | Noticed a frost giant
 15196 | IceCv    | Killed a frost giant
 15275 | IceCv    | Got a fine tin ring
 15814 | D:13     | Noticed an ironheart preserver
 15815 | D:13     | Found a gate to the Vaults.
 15847 | D:13     | Identified the ring of Crawling {rC+ MR++ Str+8 SInv} (You
                  | found it in an ice cave)
 15858 | D:13     | Killed an ironheart preserver
 16352 | D:11     | Gained mutation: Your large and strong wings let you fly
                  | indefinitely. [Gargoyle growth]
 16352 | D:11     | Reached XP level 14. HP: 88/88 MP: 14/14
 16825 | D:11     | Found a large runed translucent door.
 16825 | D:11     | Found a large runed translucent door.
 16829 | D:11     | Noticed Snorg
 16933 | D:11     | Killed Snorg
 17178 | D:12     | Found a transporter.
 17178 | D:12     | Noticed Sugoufis's ghost (journeyman OpIE)
 17182 | D:12     | Found a transporter.
 17477 | D:12     | Reached skill level 11 in Stealth
 17575 | D:12     | Found Xump's Gadget Emporium.
 17611 | D:12     | Noticed Azrael
 17711 | D:12     | Killed Azrael
 18544 | D:14     | Reached skill level 15 in Shields
 18544 | D:14     | Reached XP level 15. HP: 95/95 MP: 15/15
 18545 | D:14     | Reached skill level 10 in Armour
 18545 | D:14     | Reached XP level 16. HP: 101/101 MP: 16/16
 19230 | D:14     | Reached skill level 5 in Throwing
 19282 | D:14     | You fall into a shaft and drop 1 floor!
 19478 | D:15     | Found a staircase to the Depths.
 19593 | D:15     | Found a huge runed gate.
 19593 | D:15     | Found a huge runed gate.
 19593 | D:15     | Found a huge runed gate.
 19594 | D:15     | Found a huge runed gate.
 19595 | D:15     | Found a huge runed gate.
 19596 | D:15     | Found a huge runed gate.
 19602 | D:15     | Found a huge runed gate.
 19649 | D:15     | Noticed Roxanne
 19738 | D:15     | Killed Roxanne
 19847 | D:15     | Found a huge runed gate.
 19847 | D:15     | Found a huge runed gate.
 19848 | D:15     | Found a huge runed gate.
 20351 | D:15     | Found a huge runed gate.
 20353 | D:15     | Found a huge runed gate.
 20354 | D:15     | Found a huge runed gate.
 20354 | D:15     | Found a huge runed gate.
 20354 | D:15     | Found a huge runed gate.
 20354 | D:15     | Found a huge runed gate.
 20354 | D:15     | Found a huge runed gate.
 20355 | D:15     | Found a huge runed gate.
 20356 | D:15     | Found a huge runed gate.
 20364 | D:15     | Found a huge runed gate.
 20364 | D:15     | Found a huge runed gate.
 20364 | D:15     | Found a huge runed gate.
 20364 | D:15     | Found a huge runed gate.
 20688 | D:15     | Noticed a tengu reaver
 20688 | D:15     | Noticed a tengu reaver
 20688 | D:15     | Noticed a storm dragon
 20846 | Orc:1    | Entered Level 1 of the Orcish Mines
 20966 | D:10     | Reached XP level 17. HP: 108/108 MP: 17/17
 21318 | Orc:2    | Entered Level 2 of the Orcish Mines
 22125 | Orc:2    | Gained mutation: You are weak. (Str -2) [a neqoxec]
 22140 | Orc:2    | Gained mutation: Your body sometimes deteriorates upon
                  | taking damage. [a neqoxec]
 22353 | Orc:2    | Found Zodacoco's Antique Armour Emporium.
 22383 | Orc:2    | Found Caetsike's General Store.
 22383 | Orc:2    | Found Tugiutocsi's Jewellery Emporium.
 22385 | Orc:2    | Found Wiwozopi's Antique Weapon Shoppe.
 22562 | Orc:2    | Found a staircase to the Elven Halls.
 22833 | Orc:2    | Bought a ring of the Octopus King {MP+9 AC+1 EV+1 Str+1
                  | Int+1 Dex+1} for 542 gold pieces
 22833 | Orc:2    | Found the ring of the Octopus King {MP+9 AC+1 EV+1 Str+1
                  | Int+1 Dex+1}
 22897 | Elf:1    | Entered Level 1 of the Elven Halls
 24936 | Elf:2    | Learned a level 4 spell: Petrify
 24942 | Elf:2    | Learned a level 5 spell: Lee's Rapid Deconstruction
 25070 | Elf:2    | Found a runed translucent gate.
 25070 | Elf:2    | Found a runed translucent gate.
 25071 | Elf:2    | Found a runed translucent gate.
 25221 | Elf:2    | Learned a level 6 spell: Shadow Creatures
 25328 | Elf:2    | Reached skill level 1 in Earth Magic
 25408 | Elf:2    | Reached skill level 1 in Summonings
 25421 | Elf:2    | Noticed Agnes
 25471 | Elf:2    | Killed Agnes
 25471 | Elf:2    | Reached XP level 18. HP: 106/118 MP: 18/18
 25769 | Elf:2    | Noticed Nikola
 26017 | Elf:2    | Killed Nikola
 26426 | Elf:3    | Entered Level 3 of the Elven Halls
 26435 | Elf:3    | Found Honiopye's Assorted Antiques.
 26462 | Elf:3    | Bought a shiny kite shield for 187 gold pieces
 26462 | Elf:3    | Bought an ancient cloak for 237 gold pieces
 26462 | Elf:3    | Bought a potion of heal wounds for 125 gold pieces
 26472 | Elf:3    | Identified the +0 cloak of Hotruol {Harm rPois Str-4
                  | Slay+2} (You bought it in a shop on level 3 of the Elven
                  | Halls)
 27759 | Elf:2    | Found Oroyhe's Book Shoppe.
 27893 | Elf:3    | Reached skill level 5 in Earth Magic
 27980 | Elf:3    | Noticed a deep elf master archer
 28252 | Elf:3    | Noticed a Brimstone Fiend
 28256 | Elf:3    | Noticed a Brimstone Fiend
 28282 | Elf:3    | Noticed a deep elf blademaster
 28422 | Elf:3    | Killed a deep elf blademaster
 28569 | Elf:3    | Noticed a deep elf blademaster
 28597 | Elf:3    | Killed a deep elf master archer
 28798 | Lair:1   | Entered Level 1 of the Lair of Beasts
 29159 | Lair:1   | Noticed Maggie
 29161 | Lair:1   | Reached skill level 15 in Fighting
 29167 | Lair:1   | Killed Maggie
 30416 | Lair:2   | Found a staircase to the Swamp.
 30721 | Lair:3   | Reached skill level 12 in Stealth
 30829 | Lair:3   | Reached XP level 19. HP: 121/124 MP: 19/19
 31102 | Lair:3   | Noticed Fannar
 31150 | Lair:3   | Killed Fannar
 31150 | Lair:3   | Reached skill level 13 in Stealth
 31798 | Lair:4   | Found a hole to the Spider Nest.
 32038 | Lair:4   | Reached skill level 14 in Stealth
 32457 | Lair:5   | Identified the +8 whip "Jaeqopes" {pain, rElec Int-3 SInv}
                  | (You found it on level 5 of the Lair of Beasts)
 33047 | Lair:6   | Entered Level 6 of the Lair of Beasts
 33118 | Lair:6   | Reached skill level 15 in Stealth
 33405 | Lair:6   | Reached skill level 16 in Stealth
 33838 | Lair:6   | Reached skill level 17 in Stealth
 33948 | Lair:6   | Found a viscous altar of Jiyva.
 33949 | Lair:6   | Found a staircase to the Slime Pits.
 34180 | Orc:2    | Bought a potion of mutation for 120 gold pieces
 34180 | Orc:2    | Bought a potion of curing for 45 gold pieces
 34180 | Orc:2    | Identified a scroll of acquirement
 34180 | Orc:2    | Acquired 1670 gold pieces
 34182 | Orc:2    | Lost mutation: You are weak. (Str -2) [potion of mutation]
 34182 | Orc:2    | Lost mutation: Your body sometimes deteriorates upon taking
                  | damage. [potion of mutation]
 34182 | Orc:2    | Gained mutation: You are surrounded by a mild repulsion
                  | field. (EV +2) [potion of mutation]
 34182 | Orc:2    | Gained mutation: You have a pair of small antennae on your
                  | head. [potion of mutation]
 34191 | Orc:2    | Bought the +4 moon troll leather armour {Spirit, Regen++
                  | MP+5} for 1580 gold pieces
 34191 | Orc:2    | Found the +4 moon troll leather armour {Spirit, Regen++
                  | MP+5}
 34191 | Orc:2    | Bought a faintly glowing leather armour for 203 gold pieces
 34191 | Orc:2    | Identified the +3 leather armour of the Two of Swords
                  | {Str+7 Stlth+} (You bought it in a shop on level 2 of the
                  | Orcish Mines)
 34929 | Lair:6   | Identified Rujourpham's Guide on Heat
 35199 | Elf:2    | Bought a book of the Dragon for 1080 gold pieces
 35821 | Spider:1 | Entered Level 1 of the Spider Nest
 35886 | Spider:1 | Reached skill level 1 in Spellcasting
 36561 | Spider:2 | Reached skill level 5 in Summonings
 37628 | Spider:3 | Noticed Arachne
 37699 | Spider:3 | Killed Arachne
 38587 | Spider:4 | Entered Level 4 of the Spider Nest
 38746 | Spider:4 | Reached XP level 20. HP: 129/129 MP: 24/24
 39286 | Spider:4 | Reached skill level 15 in Armour
 39860 | Spider:4 | Got a gossamer rune of Zot
 40020 | Swamp:1  | Entered Level 1 of the Swamp
 40701 | Swamp:1  | Reached skill level 18 in Stealth
 41388 | Swamp:2  | Noticed Donald
 41395 | Swamp:2  | Killed Donald
 42271 | Swamp:4  | Entered Level 4 of the Swamp
 42552 | Swamp:4  | Reached skill level 5 in Spellcasting
 42780 | Swamp:3  | Reached XP level 21. HP: 67/135 MP: 28/28
 43038 | Swamp:4  | Got a decaying rune of Zot
 43749 | Elf:3    | HP: 4/135 [deep elf annihilator/iron shot (41)]
 44190 | Elf:3    | Identified the Collected Works on Fetching Dislocation
 44213 | Elf:3    | Found the +2 shield of Resistance {rF++ rC++ MR++}
 44240 | Elf:3    | Identified the Tome of Flames and Conjuration
 44481 | Elf:3    | Acquired 950 gold pieces
 44538 | Elf:3    | Bought a potion of mutation for 200 gold pieces
 44604 | Elf:3    | Lost mutation: You are surrounded by a mild repulsion
                  | field. (EV +2) [potion of mutation]
 44604 | Elf:3    | Lost mutation: You have a pair of small antennae on your
                  | head. [potion of mutation]
 44604 | Elf:3    | Gained mutation: Your spells are a little easier to cast,
                  | but a little less powerful. [potion of mutation]
 44604 | Elf:3    | Gained mutation: Scrolls take you a little longer to read.
                  | [potion of mutation]
 44604 | Elf:3    | Gained mutation: You have a pair of small horns on your
                  | head. [potion of mutation]
 44941 | Swamp:1  | Lost mutation: Your spells are a little easier to cast, but
                  | a little less powerful. [potion of mutation]
 44941 | Swamp:1  | Lost mutation: Scrolls take you a little longer to read.
                  | [potion of mutation]
 44941 | Swamp:1  | Gained mutation: Scrolls take you a little longer to read.
                  | [potion of mutation]
 44941 | Swamp:1  | Gained mutation: You have a pair of horns on your head.
                  | [potion of mutation]
 44941 | Swamp:1  | Gained mutation: Your mind is acute. (Int +2) [potion of
                  | mutation]
 45472 | D:15     | Lost mutation: You have a pair of horns on your head.
                  | [potion of mutation]
 45472 | D:15     | Lost mutation: Your mind is acute. (Int +2) [potion of
                  | mutation]
 45472 | D:15     | Lost mutation: You have a pair of small horns on your head.
                  | [potion of mutation]
 45472 | D:15     | Lost mutation: Scrolls take you a little longer to read.
                  | [potion of mutation]
 45472 | D:15     | Gained mutation: Armour fits poorly on your strangely
                  | shaped body. [potion of mutation]
 45472 | D:15     | Gained mutation: You are dopey. (Int -2) [potion of
                  | mutation]
 45472 | D:15     | Gained mutation: Scrolls take you a little longer to read.
                  | [potion of mutation]
 45472 | D:15     | Gained mutation: You expend magic power (3 MP) to
                  | strengthen your wands. [potion of mutation]
 45732 | Slime:1  | Entered Level 1 of the Pits of Slime
 46006 | Slime:2  | Reached skill level 10 in Earth Magic
 46242 | Slime:2  | Reached skill level 10 in Dodging
 48112 | Slime:5  | Entered Level 5 of the Pits of Slime
 48343 | Slime:5  | Reached XP level 22. HP: 141/141 MP: 31/31
 48347 | Slime:5  | Found a viscous altar of Jiyva.
 48347 | Slime:5  | Noticed the Royal Jelly
 48934 | Slime:3  | HP: 2/141 [acid blob (31)]
 48934 | Slime:3  | Splashed by an acid blob's acid

Illustrated notes

Levels and vault maps discovered:
D:1:      dpeg_arrival_stonehenge_12_columns, layout_basic, nrook_loot_triangle
D:2:      layout_rooms, nicolae_overflow_quartered_altars
D:3:      layout_rooms, portal_sewer_entry_e, dk_yredelemnul_ordeal, uniq_ijyb
D:4:      cheibrodos_quashed, layout_loops_ring,
          nicolae_ru_great_annihilating_truth, fedhas_altar_3,
          grunt_dithmenos_smoke, serial_bayou_ford_a, uniq_edmund
D:5:      minmay_skewed_foursquare, layout_basic, ashenzari_conservatory_becter,
          minmay_temple_entry_glassed_door, serial_shops, shop,
          roderic_roman_lattice
D:6:      layout_basic, serial_shops, nicolae_shop_behind_doors,
          grunt_decor_one_mirror
D:7:      layout_loops_corners, nicolae_overflow_crystal_walls,
          nicolae_ossuary_entry_false_entrances, uniq_duvessa
D:8:      layout_gridville, serial_shops, nicolae_shop_overgrown_old_shop, shop,
          kennysheep_little_box, kennysheep_boxes
D:9:      minmay_the_grid_octo_2x2 [minmay_the_grid_octo_chip,
          minmay_the_grid_octo_tetromino_candy, minmay_the_grid_octo_clover_2,
          minmay_the_grid_octo_prize_single_spiral], layout_rooms,
          minmay_lair_entry_grove, sword_in_stone
D:10:     layout_loops_cross, david_orc_4, led_sif_book, uniq_sonja
D:11:     layout_irregular_city, enter_bailey_2, serial_shops, bzr_entry_islet,
          lightli_elemental_guards, uniq_snorg
D:12:     minmay_connected_triangles_in_corner, layout_irregular_city,
          serial_shops, nicolae_shop_statue_plus, gammafunk_ghost_mausoleum,
          uniq_azrael
D:13:     layout_loops_ring, skrybe_vaults_entry_preservation
D:14:     layout_irregular_city, minmay_misc_feat_five, portal_ice_cave_rime,
          grunt_potential
D:15:     hangedman_depths_entry_try_elsewhere_first, layout_small_grid,
          chequers_mini_garden, serial_co_window_serial, co_window_corner_a,
          co_window_paths_a, co_window_paths_a, co_window_of_opportunity_a,
          co_window_paths_b, co_window_paths_b, co_window_paths_c,
          co_window_cross_3, co_window_unsneaky_path_b, co_window_2corner,
          co_window_corner_b, co_window_corner_b, co_window_broadway_a,
          door_vault, uniq_roxanne
Lair:1:   layout_chaotic_city, serial_bayou_pond_c,
          chequers_serial_rivers_marsh, beast_lair_carwin_5, grunt_megastairs_3,
          serial_bayou_shore_b, uniq_maggie
Lair:2:   layout_small_grid, nicolae_swamp_entry_splash_gauntlet,
          lemuel_fruit_fields, infiniplex_staircase_pool,
          minmay_lair_oklob_chamber
Lair:3:   layout_cellular_growth, uniq_fannar
Lair:4:   layout_gridlike, nicolae_spider_entry_tight_spaces
Lair:5:   layout_long_grid, kennysheep_rathole
Lair:6:   minmay_lair_end_frog_pond, layout_cellular_growth, slime_altar_1,
          minmay_lindwurm_lava
Swamp:1:  layout_basic_swamp, evilmike_swamp_ruin_rubble_1,
          infiniplex_staircase_pool_2
Swamp:2:  layout_basic_swamp, nicolae_swamp_stair_fork, uniq_donald
Swamp:3:  layout_basic_swamp, evilmike_swamp_ruin_house_2, swamp_pool2
Swamp:4:  swamp, layout_basic_swamp, swamp_pool5, nicolae_swamp_dense_foliage
Spider:1: layout_spider_delve
Spider:2: layout_spider_delve
Spider:3: layout_chambers, uniq_arachne
Spider:4: grunt_spider_rune_circles
Slime:1:  layout_caves
Slime:2:  layout_caves
Slime:3:  layout_caves
Slime:4:  layout_caves, cheibrodos_slime_lost_civilization_7
Slime:5
Orc:1:    layout_caves
Orc:2:    st_orc_congregation, layout_diamond_mine
Elf:1:    layout_gridlike, minivault_28, minivault_8
Elf:2:    layout_gridlike, serial_shops, shop_fountains, st_stairs_11,
          uniq_agnes, uniq_nikola
Elf:3:    minmay_elf_hall_four_x, layout_geoelf_castle, serial_shops, shop

Skill      XL: |  1  2  3  4  5  6  7  8  9 10 11 12 13 14 15 16 17 18 19 20 21 |
---------------+----------------------------------------------------------------+-----
Short Blades   | 2 3 4 5 6 8 9 10 11 12 | 12.9
Stealth        | 1 2 3 4 5 7 9 10 11 12 17 18 | 18.5
Shields        | 4 5 6 8 9 10 11 13 15 16 17 | 17.9
Dodging        | 1 2 3 4 5 6 7 9 10 | 10.1
Fighting       | 4 6 7 8 9 10 11 12 14 15 | 15.9
Armour         | 4 5 6 7 8 9 10 12 14 15 17 | 17.1
Throwing       | 1 4 5 6 |  6.0
Evocations     | 1 2 |  2.1
Earth Magic    | 2 6 7 9 10 | 10.5
Summonings     | 1 4 5 6 8 |  8.2
Spellcasting   | 2 5 6 |  6.7
Invocations    | |  0.2

Action                   |  1- 3 |  4- 6 |  7- 9 | 10-12 | 13-15 | 16-18 | 19-21 | 22-24 || total
-------------------------+-------+-------+-------+-------+-------+-------+-------+-------++-------
Melee: Rapier            |   119 |   286 |       |       |       |       |       |       ||   405
       Dagger            |       |   132 |   673 |     8 |    79 |       |       |       ||   892
       Short sword       |       |       |   109 |  1238 |  1597 |  3555 |  4070 |   131 || 10700
       Quick blade       |       |       |       |       |       |   379 |       |       ||   379
       Headbutt          |       |       |       |       |       |       |    63 |       ||    63
Throw: Dart              |       |       |     5 |    10 |     2 |    15 |    12 |     1 ||    45
Invok: Shadow Step       |       |       |       |     1 |       |       |       |       ||     1
       Shadow Form       |       |       |       |     1 |       |       |       |       ||     1
 Abil: Evoke Flight      |       |       |       |       |     2 |       |       |       ||     2
       Fly               |       |       |       |       |       |     1 |       |       ||     1
Evoke: Wand              |       |       |     1 |    11 |    27 |     9 |       |       ||    48
       Phial of floods   |       |       |       |       |       |     1 |       |       ||     1
  Use: Scroll            |     3 |     9 |    17 |     4 |    10 |    12 |    20 |       ||    75
       Potion            |       |     1 |     4 |     5 |     8 |    13 |    11 |       ||    42
 Stab: Sleeping          |       |       |     7 |    12 |    15 |    12 |    75 |     1 ||   122
       Distracted        |       |       |     1 |       |       |     3 |    14 |       ||    18
       Invisible         |       |       |       |     4 |     5 |       |       |       ||     9
       Paralysed         |       |       |       |       |     2 |       |       |       ||     2
       Held in net/web   |       |       |       |       |       |       |     7 |       ||     7
       Confused          |       |       |       |       |       |       |     6 |       ||     6
Armor: Scale mail        |    32 |   103 |       |       |       |       |       |       ||   135
       Ring mail         |       |    34 |   163 |    42 |       |       |       |       ||   239
       Chain mail        |       |       |       |   331 |   557 |   923 |  1441 |       ||  3252
       Troll leather arm |       |       |       |       |       |       |   126 |    30 ||   156
Dodge: Dodged            |    50 |   188 |   316 |   481 |   527 |   913 |  2014 |    32 ||  4521
Block: Kite shield       |    77 |   226 |   357 |   628 |   858 |  2035 |  3664 |    57 ||  7902

Table legend: (Time is in decaauts)
 A = Elapsed time spent in this place.
 B = Non-inter-level travel time spent in this place.
 C = Inter-level travel time spent in this place.
 D = Time resting spent in this place.
 E = Time spent auto-exploring this place.
 F = Levels seen in this place.
 G = Mean time per level.
                   A        B        C        D        E       F      G
               +--------+--------+--------+--------+--------+-----+--------+
         Total |  43703 |  39924 |   3779 |    122 |  24420 |  44 |  993.2 |
       Dungeon |  18003 |  16526 |   1477 |      2 |  10684 |  15 | 1200.2 |
          Lair |   5976 |   4928 |   1048 |      0 |   3490 |   6 |  996.0 |
         Swamp |   2546 |   2381 |    165 |      0 |   1380 |   4 |  636.5 |
   Spider Nest |   3655 |   3453 |    202 |      0 |   2377 |   4 |  913.8 |
    Slime Pits |   2972 |   2944 |     28 |      0 |   1890 |   5 |  594.4 |
  Orcish Mines |   1862 |   1485 |    377 |      0 |    753 |   2 |  931.0 |
   Elven Halls |   6129 |   5650 |    479 |    120 |   2736 |   3 | 2043.0 |
        Bazaar |    149 |    149 |      0 |      0 |     56 |   1 |  149.0 |
         Sewer |    399 |    399 |      0 |      0 |    197 |   1 |  399.0 |
       Ossuary |    178 |    178 |      0 |      0 |     67 |   1 |  178.0 |
        Bailey |    605 |    605 |      0 |      0 |    269 |   1 |  605.0 |
      Ice Cave |   1222 |   1222 |      0 |      0 |    521 |   1 | 1222.0 |
               +--------+--------+--------+--------+--------+-----+--------+

Top non-repeatable levels by time:
   Elf:3: 2882 daAuts
     D:9: 2109 daAuts
   Elf:2: 1819 daAuts
     D:5: 1794 daAuts
    D:10: 1738 daAuts
 Slime:2: 1438 daAuts
     D:1: 1435 daAuts
   Elf:1: 1427 daAuts
   Orc:2: 1385 daAuts
    D:15: 1330 daAuts
    D:14: 1301 daAuts
  Lair:2: 1291 daAuts
  Lair:6: 1233 daAuts
   IceCv: 1222 daAuts
Spider:3: 1131 daAuts
